 Dungeon Crawl Stone Soup version 0.18.1-48-g4cf74bf (console) character file.

2289 Kloppie the Basher (level 9, -3/82 HPs)
             Began as a Minotaur Gladiator on July 2, 2016.
             Was a Follower of Makhleb.
             Slain by a killer bee (4 damage)
             ... on level 7 of the Dungeon.
             The game lasted 00:09:09 (5535 turns).

Kloppie the Basher (Minotaur Gladiator)             Turns: 5535, Time: 00:09:10

Health: -3/82      AC: 12    Str: 25    XL:     9   Next: 17%
Magic:  8/8        EV: 12    Int:  8    God:    Makhleb [*.....]
Gold:   113        SH:  0    Dex: 14    Spells: 0 memorised, 8 levels left

rFire  . . .     SeeInvis .     a - +1 flail
rCold  + . .     Gourm    .     t - +0 scale mail
rNeg   . . .     Faith    +     (no shield)
rPois  .         Spirit   .     l - +1 hat
rElec  .         Dismiss  .     x - +2 cloak
rCorr  .         Reflect  .     (no gloves)
SustAt .         Harm     .     (no boots)
MR     .....                    k - amulet of faith
Stlth  ..........               v - ring of protection from cold
                                A - +3 ring of intelligence

@: mighty, lethally poisoned (-3 -> -28), not resistant to hostile enchantments,
extremely unstealthy
A: retaliatory headbutt, horns 2
a: Renounce Religion


You were on level 7 of the Dungeon.
You worshipped Makhleb.
Makhleb was aware of your devotion.
You were not hungry.

You visited 2 branches of the dungeon, and saw 8 of its levels.

You collected 329 gold pieces.
You spent 216 gold pieces at shops.

Inventory:

Hand Weapons
 a - a +1 flail (weapon)
 G - a +0 morningstar
Missiles
 d - 4 throwing nets (quivered)
Armour
 l - a +1 hat (worn)
 t - a +0 scale mail (worn)
 x - a +2 cloak (worn)
Jewellery
 k - an amulet of faith (around neck)
 v - a ring of protection from cold (right hand)
 A - a +3 ring of intelligence (left hand)
Wands
 s - a wand of flame (18/48)
 y - a wand of random effects (26/48)
 B - a wand of digging (5/24)
 C - a wand of iceblast (11/15)
Scrolls
 b - a scroll of remove curse
 g - a scroll of fear
 h - a scroll of enchant weapon
 p - 5 scrolls of teleportation
 w - a scroll of blinking
 H - a scroll of enchant armour
 J - a scroll of fog
Potions
 c - a potion of haste
 e - a potion of lignification
 i - 2 potions of resistance
 m - 4 potions of heal wounds
 o - a potion of mutation
 q - 4 potions of curing
 z - a potion of ambrosia {unknown}
 D - a potion of degeneration {unknown}
 E - a potion of magic {unknown}
 F - a potion of brilliance {unknown}
Books
 r - a Fen Folio

   Spells                             Type                      Level
   a - Corpse Rot                     Necromancy                   2
   b - Stone Arrow                    Conjuration/Earth            3
   c - Leda's Liquefaction            Hexes/Earth                  4
   d - Summon Forest                  Summoning/Translocation      5
   e - Hydra Form                     Transmutation                6
   f - Summon Hydra                   Summoning                    7
Comestibles
 f - 3 bread rations
 j - a beef jerky
 n - 5 meat rations
 I - 4 chunks of flesh


   Skills:
 + Level 8.9 Fighting
 + Level 9.2 Maces & Flails
 - Level 2.0 Throwing
 + Level 8.3 Armour
 - Level 3.2 Dodging


You had 8 spell levels left.
You didn't know any spells.

Dungeon Overview and Level Annotations

Branches:
Dungeon (7/15)             Temple (1/1) D:6

Altars:
Ashenzari
Dithmenos
Fedhas
Gozag
Makhleb
Nemelex Xobeh
Okawaru
Pakellas
Ru
Sif Muna
Trog
Vehumet
Xom
Yredelemnul
Zin
The Shining One

Shops:
D:6 }


Innate Abilities, Weirdness & Mutations

You reflexively headbutt those who attack you in melee.
You have a pair of horns on your head.


Message History

The killer bee poisons you!
You bludgeon the killer bee!!
You kill the killer bee!
Makhleb accepts your kill.
* * * LOW HITPOINT WARNING * * *
You feel sick. The killer bee closely misses you.
You miss the killer bee.
* * * LOW HITPOINT WARNING * * *
You feel sick. The killer bee barely misses you. You furiously retaliate!
You headbutt the killer bee! The killer bee stings you.
* * * LOW HITPOINT WARNING * * *
You are more poisoned.
The killer bee poisons you!
You hit the killer bee. You headbutt the killer bee.
The killer bee is almost dead.
* * * LOW HITPOINT WARNING * * *
You feel sick. The killer bee stings you!
* * * LOW HITPOINT WARNING * * *
The killer bee stings you.
You die...

.. .# ## #. .# .#
##.##.### .# .......
.#
###########.#.######
.#####
#.......#....<......
.....#
#.####.##y#.#.######
.###.# #.##y#...# .#
#.# #..#@##..# ## #.#
.#####.#.##..# #.#
#...........))###
#.###############.).#
#................>#.#
#################.#.#
....# ##.### ...


You could see 2 killer bees.

Vanquished Creatures
  Pikel (D:7)
  Grinder (D:4)
  Duvessa (D:6)
  2 slaves (D:7)
  A sky beast (D:5)
  A necrophage (D:7)
  2 ogres
  2 giant frogs (D:6)
  Dowan (D:6)
  A scorpion (D:7)
  3 killer bees (D:7)
  A howler monkey (D:4)
  2 orc priests
  2 hounds (D:7)
  2 jellies
  A centaur skeleton (D:6)
  2 giant frog skeletons (D:4)
  2 orc wizards (D:7)
  5 worker ants
  2 hound zombies (D:6)
  A hound skeleton (D:5)
  Robin (D:4)
  7 gnolls
  6 adders
  3 shadow imps
  An ooze (D:4)
  4 adder skeletons
  2 worms
  2 dart slugs (D:1)
  4 giant geckos
  14 orcs
  10 bats
  8 giant cockroaches
  13 goblins
  9 hobgoblins
  6 jackals
  3 quokkas
  A ball python (D:2)
  2 ball python skeletons
  A giant gecko skeleton (D:4)
  A giant gecko zombie (D:5)
  4 giant newts
  5 kobolds
  2 quokka skeletons (D:4)
  5 rats
150 creatures vanquished.

Vanquished Creatures (others)
  A sky beast (D:7)
  A centaur (D:7)
2 creatures vanquished.

Grand Total: 152 creatures vanquished

Notes
Turn   | Place    | Note
--------------------------------------------------------------
     0 | D:1      | Kloppie the Minotaur Gladiator began the quest for the Orb.
     0 | D:1      | Reached XP level 1. HP: 18/18 MP: 0/0
    41 | D:1      | Reached XP level 2. HP: 12/25 MP: 1/1
   287 | D:1      | Reached skill level 1 in Armour
   362 | D:1      | Reached skill level 4 in Maces & Flails
   448 | D:1      | Reached XP level 3. HP: 27/31 MP: 2/2
  1089 | D:2      | Reached XP level 4. HP: 19/40 MP: 3/3
  2168 | D:3      | Reached XP level 5. HP: 41/46 MP: 4/4
  2177 | D:3      | Reached skill level 5 in Maces & Flails
  2354 | D:3      | Found a glowing silver altar of Zin.
  2484 | D:4      | Noticed Robin
  2497 | D:4      | Killed Robin
  2563 | D:4      | Noticed an ogre
  2573 | D:4      | Killed an ogre
  2573 | D:4      | Reached XP level 6. HP: 45/55 MP: 5/5
  2702 | D:4      | Reached skill level 5 in Fighting
  2834 | D:4      | Noticed Grinder
  2859 | D:4      | Paralysed by Grinder for 2 turns
  2870 | D:4      | Killed Grinder
  2870 | D:4      | Reached skill level 6 in Maces & Flails
  2870 | D:4      | Reached XP level 7. HP: 37/61 MP: 6/6
  2907 | D:4      | Reached skill level 5 in Armour
  3266 | D:5      | Entered Level 5 of the Dungeon
  3549 | D:5      | Reached skill level 7 in Maces & Flails
  4051 | D:6      | Found a shattered altar of Ashenzari.
  4221 | D:6      | Found a staircase to the Ecumenical Temple.
  4240 | Temple   | Entered the Ecumenical Temple
  4530 | Temple   | Became a worshipper of Makhleb the Destroyer
  4569 | D:6      | Reached XP level 8. HP: 71/71 MP: 7/7
  4602 | D:6      | Noticed Dowan
  4603 | D:6      | Noticed Duvessa
  4616 | D:6      | Killed Duvessa
  4624 | D:6      | Killed Dowan
  4810 | D:6      | Found a basalt altar of Yredelemnul.
  4819 | D:6      | Found a glowing golden altar of the Shining One.
  4874 | D:6      | Reached skill level 8 in Maces & Flails
  4970 | D:6      | Found a sacrificial altar of Ru.
  5047 | D:6      | Found Xaplif's Gadget Shoppe.
  5050 | D:6      | Bought a wand of digging (5/24) for 216 gold pieces
  5113 | D:6      | Noticed an angel
  5152 | D:7      | Reached * piety under Makhleb
  5178 | D:7      | Noticed Pikel
  5282 | D:7      | Killed Pikel
  5398 | D:7      | Reached XP level 9. HP: 82/82 MP: 8/8
  5420 | D:7      | Reached skill level 9 in Maces & Flails
  5535 | D:7      | HP: 1/82 [killer bee (7)]
  5535 | D:7      | Slain by a killer bee

Skill      XL: |  1  2  3  4  5  6  7  8  9 |
---------------+----------------------------+-----
Armour         | 1 2 3 4 6 8 |  8.3
Maces & Flails | 4 5 6 7 8 9 |  9.2
Fighting       | 3 4 5 6 8 |  8.9
Throwing       | |  2.0
Dodging        | |  3.2

Action                   |  1- 3 |  4- 6 |  7- 9 || total
-------------------------+-------+-------+-------++-------
Melee: Flail             |    80 |   116 |   213 ||   409
       Headbutt          |     9 |    15 |    46 ||    70
Throw: Throwing net      |       |     5 |       ||     5
  Use: Scroll            |       |       |    17 ||    17
       Potion            |       |       |     2 ||     2
 Stab: Held in net/web   |       |     2 |       ||     2
  Eat: Chunk             |       |     6 |     9 ||    15
Armor: Leather armour    |    22 |    10 |       ||    32
       Scale mail        |       |    38 |    90 ||   128
Dodge: Dodged            |    53 |    70 |   115 ||   238
